 Dungeon Crawl Stone Soup version 0.28-a0-1415-g7c84da036a (webtiles) character file.

Game seed: 6928620679337997987

91 eustatius the Ducker (level 4, -1/44 HPs)
             Began as a Troll Fighter on Jan 8, 2022.
             Was a Believer of the Shining One.
             Slain by a wight (8 damage)
             ... on level 3 of the Dungeon.
             The game lasted 00:07:55 (1313 turns).

eustatius the Ducker (Troll Fighter)                Turns: 1313, Time: 00:07:55

Health: -1/44      AC:  4    Str: 26    XL:     4   Next: 34%
Magic:  3/3        EV:  8    Int:  4    God:    the Shining One [**....]
Gold:   72         SH:  7    Dex:  9    Spells: 3/3 levels left

rFire   . . .      SeeInvis .   a - +0 flail
rCold   . . .      Faith    .   c - +0 kite shield
rNeg    + . .      Spirit   .   b - +0 robe
rPois   .          Reflect  .   (helmet restricted)
rElec   .          Harm     .   (no cloak)
rCorr   .          Rampage  .   (gloves unavailable)
Will    .....                   (boots unavailable)
Stlth   +.........              (no amulet)
HPRegen 0.94/turn               (no ring)
MPRegen 0.08/turn               (no ring)

@: glowing
A: large, unfitting armour, claws 3, regeneration 1, shaggy fur 1, tough skin 1
a: Renounce Religion, Divine Shield


You were on level 3 of the Dungeon.
You worshipped the Shining One.
The Shining One was pleased with you.
You visited 1 branch of the dungeon, and saw 3 of its levels.

You collected 72 gold pieces.

Inventory:

Hand Weapons
 a - a +0 flail (weapon)
Missiles
 i - 11 poisoned darts (quivered)
Armour
 b - a +0 robe (worn)
 c - a +0 kite shield (worn)
Scrolls
 g - a scroll of blinking {unknown}
 j - 2 scrolls of teleportation {unknown}
 l - 2 scrolls of enchant weapon {unknown}
 m - a scroll of identify {unknown}
 n - a scroll of fog {unknown}
Potions
 d - a potion of might
 e - a potion of curing {unknown}
 f - a potion of lignification {unknown}
 h - a potion of heal wounds {unknown}
 k - a potion of attraction {unknown}
 o - a potion of berserk rage {unknown}


   Skills:
 * Level 2.8 Fighting
 * Level 2.9 Maces & Flails
 * Level 2.9 Dodging
 * Level 2.9 Shields


You had 3 spell levels left.
You didn't know any spells.
Your spell library contained the following spells:

 Spells                   Type           Power      Damage    Failure   Level
 Blink                    Tloc           0%         N/A       91%         2
 Lesser Beckoning         Tloc           0%         N/A       99%         3
 Manifold Assault         Tloc           0%         N/A       100%        5


Dungeon Overview and Level Annotations

Branches:
Dungeon (3/15)

Altars:
Zin
The Shining One

Shops:
D:3 ([(


Innate Abilities, Weirdness & Mutations

You are too large for most types of armour.
You have claws for hands.
Your natural rate of healing is unusually fast.
You are covered in fur. (AC +1)
You have tough skin. (AC +1)


Message History

The wight hits you from afar with a +2 spear.
You partially resist.
You feel drained.
The wight hits you from afar with a +2 spear.
The wight hits you with a +2 spear.
You hit the wight.
The wight is moderately damaged.
The wight hits you with a +2 spear! You partially resist.
You feel drained. You block the wight's attack.
You completely miss the wight.
The wight is lightly damaged.
The wight closely misses you.
You barely miss the wight.
The wight is lightly damaged.
The wight hits you with a +2 spear. You partially resist.
You feel drained.
You hit the wight.
The wight is heavily damaged.
The wight hits you with a +2 spear. You partially resist.
You feel drained. The wight closely misses you.
You hit the wight but do no damage.
The wight is heavily damaged.
The wight barely misses you.
You sock the wight!
The wight is almost destroyed.
The wight hits you with a +2 spear. You partially resist.
You feel drained.
You barely miss the wight.
The wight is almost destroyed.
You block the wight's attack. The wight hits you with a +2 spear.
You partially resist.
You feel drained.
You hit the wight.
You destroy the wight!
The Shining One accepts your kill.
You feel better. The wight hits you with a +0 flail!
Your life force feels restored.
You have reached level 4!
You sock the wight!
The wight is severely damaged.
The wight hits you with a +0 flail!
* * * LOW HITPOINT WARNING * * *
The wight hits you with a +0 flail!
You die...

..z.. .z. ###'#
#.# #.#.# #.#
#...# #.# #)###
##+# #.# #z# ....
#.# ######z#
....# #.#
#....@.# ....#
#.# #....###
....####.###....#
....##..........#
.....#.#.###....#
.......#.# #....#
.....###.# #....#
.....# #.# #....#
.....###+########


You could see 2 wights.

Vanquished Creatures
  A wight (D:3)
  3 worms (D:2)
  5 bats
  4 endoplasms
  3 giant cockroaches
  5 hobgoblins
  A quokka (D:2)
  4 ball pythons
  4 goblins
  5 kobolds
  3 rats
38 creatures vanquished.

Notes
Turn   | Place    | Note
-------+----------+-------------------------------------------
     0 | D:1      | eustatius the Troll Fighter began the quest for the Orb.
     0 | D:1      | Reached XP level 1. HP: 22/22 MP: 0/0
   127 | D:1      | Found a faded altar of an unknown god.
   232 | D:1      | Prayed at the altar of an unknown god.
   232 | D:1      | Became a worshipper of the Shining One
   232 | D:1      | Reached * piety under the Shining One
   324 | D:1      | Reached XP level 2. HP: 28/29 MP: 1/1
   596 | D:1      | Found a glowing silver altar of Zin.
   759 | D:2      | Reached XP level 3. HP: 36/36 MP: 2/2
  1131 | D:3      | Found Ihypagra's Antique Weapon Shop.
  1179 | D:3      | Found Arhuveff's Weapon Emporium.
  1243 | D:3      | Found Batt's Antique Armour Boutique.
  1289 | D:3      | Reached ** piety under the Shining One
  1310 | D:3      | Reached XP level 4. HP: 13/44 MP: 3/3
  1313 | D:3      | Slain by a wight

Illustrated notes

Levels and vault maps discovered:
D:1:      dpeg_arrival_lava_altar, layout_basic, ebering_ecumenical_altar_rust,
          chequers_serial_rivers_small_3, minmay_splitting_lines
D:2:      layout_rooms, kennysheep_path_1
D:3:      layout_basic, serial_shops, shop, shop, nicolae_shop_hallway_plus,
          nicolae_shop_crystal, nicolae_diamond_shop, columned_hall_lemuel

Skill      XL: |  1  2 |
---------------+-------+-----
Maces & Flails | 2 |  2.9
Fighting       | |  2.8
Dodging        | |  2.9
Shields        | |  2.9

Action                   |  1- 3 |  4- 6 || total
-------------------------+-------+-------++-------
Melee: Flail             |    91 |     1 ||    92
Armor: Robe              |    33 |       ||    33
Dodge: Dodged            |    41 |       ||    41
Block: Kite shield       |    44 |       ||    44

Table legend: (Time is in decaauts)
 A = Elapsed time spent in this place.
 B = Non-inter-level travel time spent in this place.
 C = Inter-level travel time spent in this place.
 D = Time resting spent in this place.
 E = Time spent auto-exploring this place.
 F = Levels seen in this place.
 G = Mean time per level.
                   A        B        C        D        E       F      G
               +--------+--------+--------+--------+--------+-----+--------+
         Total |   1358 |   1270 |     88 |      0 |    777 |   3 |  452.7 |
       Dungeon |   1358 |   1270 |     88 |      0 |    777 |   3 |  452.7 |
               +--------+--------+--------+--------+--------+-----+--------+

Top non-repeatable levels by time:
     D:1: 644 daAuts
     D:2: 501 daAuts
     D:3: 212 daAuts
